SAAA
SCRANTON SUPERNOVAS @ ROYSE CITY TARGARYENS
06/07/2019
 
TOP OF THE 1ST
Scranton Supernovas batting - Pitching for Royse City Targaryens : LHP Lee Branch
Pitching: LHP Lee Branch
Batting: RHB Jesús Orozco 0-0: Bunt missed!
0-1: Ball
1-1: Ball
2-1: Ball
3-1: SINGLE (Groundball, 56)
Batting: RHB Jerome Wilson 0-0: 2-RUN HOME RUN (Flyball, 7D), Distance : 361 ft
Batting: LHB Francisco Ortega 0-0: Ball
1-0: Foul Ball, location: 2F
1-1: Foul Ball, location: 2F
1-2: Ball
2-2: Ball
3-2: Strikes out swinging
Batting: RHB Joe Smith 0-0: Ball
1-0: Ball
2-0: Called Strike
2-1: Ball
3-1: Foul Ball, location: 2F
3-2: Base on Balls
Batting: RHB Ryan Simpson 0-0: Ball
1-0: Called Strike
1-1: DOUBLE (Flyball, 8RXD)
Joe Smith to third
Batting: RHB Matt Brown 0-0: Called Strike
0-1: Ball
1-1: Ball
2-1: Foul Ball, location: 2F
2-2: Ball
3-2: Strikes out swinging
Batting: RHB Thomas Campbell 0-0: Ball
1-0: Ball
2-0: Called Strike
2-1: Ball
3-1: Base on Balls
Batting: RHB Jesús Rodríguez 0-0: Ball
1-0: Called Strike
1-1: SINGLE (Line Drive, 4D)
Joe Smith scores
Ryan Simpson to third
Thomas Campbell to second
Runner from 3rd tries for Home, SAFE, no throw or cutoff
Batting: RHB Pedro Robles 0-0: Fielders Choice at 2nd, U6 (Groundball, 6M)
Top of the 1st over - 4 run(s), 4 hit(s), 0 error(s), 2 left on base; Scranton 4 - Royse City 0
BOTTOM OF THE 1ST
Royse City Targaryens batting - Pitching for Scranton Supernovas : LHP Paco López
Pitching: LHP Paco López
Batting: RHB Martin Young 0-0: Ground out 4-3 (Groundball, 4)
Batting: RHB Spencer Curry 0-0: Swinging Strike
0-1: Swinging Strike
0-2: Strikes out swinging
Batting: RHB António Alvarado 0-0: Fly out, F9 (Flyball, 8RS)
Bottom of the 1st over - 0 run(s), 0 hit(s), 0 error(s), 0 left on base; Scranton 4 - Royse City 0
TOP OF THE 2ND
Scranton Supernovas batting - Pitching for Royse City Targaryens : LHP Lee Branch
Batting: RHB Jesús Orozco 0-0: Called Strike
0-1: Called Strike
0-2: Ball
1-2: Ball
2-2: Strikes out swinging, 2-3 out at first.
Batting: RHB Jerome Wilson 0-0: Foul Ball, location: 2F
0-1: Ball
1-1: Ball
2-1: Ground out 5-3 (Groundball, 56)
Batting: LHB Francisco Ortega 0-0: Swinging Strike
0-1: Ball
1-1: Ball
2-1: Called Strike
2-2: Ground out 3-1 (Groundball, 34)
Top of the 2nd over - 0 run(s), 0 hit(s), 0 error(s), 0 left on base; Scranton 4 - Royse City 0
BOTTOM OF THE 2ND
Royse City Targaryens batting - Pitching for Scranton Supernovas : LHP Paco López
Batting: LHB Morgan Carney 0-0: Ball
1-0: Foul Ball, location: 2F
1-1: SOLO HOME RUN (Line Drive, 89XD), Distance : 393 ft
Batting: RHB Miguel Saldaña 0-0: Called Strike
0-1: Ball
1-1: DOUBLE (Groundball, 5L)
Batting: RHB Will Thomas 0-0: Ground out 4-3 (Groundball, 4)
Miguel Saldaña to third
Batting: RHB Johnny Foster 0-0: Called Strike
0-1: Foul Ball, location: 2F
0-2: Fly out, F4 (Line Drive, 4)
Batting: LHB Jack Schmitt 0-0: Swinging Strike
0-1: Foul Ball, location: 2F
0-2: Ground out 1-3 (Groundball, 15S)
Bottom of the 2nd over - 1 run(s), 2 hit(s), 0 error(s), 1 left on base; Scranton 4 - Royse City 1
TOP OF THE 3RD
Scranton Supernovas batting - Pitching for Royse City Targaryens : LHP Lee Branch
Batting: RHB Joe Smith 0-0: Called Strike
0-1: Ball
1-1: Foul Ball, location: 2F
1-2: Ball
2-2: Ball
3-2: Ground out 6-3 (Groundball, 6)
Batting: RHB Ryan Simpson 0-0: Ball
1-0: Ground out 6-3 (Groundball, 6M)
Batting: RHB Matt Brown 0-0: Called Strike
0-1: Foul Ball, location: 2F
0-2: Fly out, F7 (Flyball, 7M)
Top of the 3rd over - 0 run(s), 0 hit(s), 0 error(s), 0 left on base; Scranton 4 - Royse City 1
BOTTOM OF THE 3RD
Royse City Targaryens batting - Pitching for Scranton Supernovas : LHP Paco López
Batting: LHB Markus Richardson 0-0: SINGLE (Line Drive, 9S)
Batting: RHB Martin Young 0-0: Ball
1-0: SINGLE (Line Drive, 4D)
Markus Richardson to second
Batting: RHB Spencer Curry 0-0: Ball
1-0: Ball
2-0: Ball
3-0: Called Strike
3-1: Swinging Strike
3-2: SINGLE (Flyball, 89S)
Markus Richardson to third
Martin Young to second
Runner from 3rd tries for Home, SAFE, no throw or cutoff
Batting: RHB António Alvarado 0-0: Ball
1-0: Ball
2-0: Ball
3-0: Base on Balls
Martin Young to third
Spencer Curry to second
Batting: LHB Morgan Carney 0-0: Foul Ball, location: 2F
0-1: Ball
1-1: Foul Ball, location: 2F
1-2: Strikes out swinging
Batting: RHB Miguel Saldaña 0-0: Fly out, F3 (Popup, 3D)
Batting: RHB Will Thomas 0-0: Called Strike
0-1: Ball
1-1: Foul Ball, location: 2F
1-2: Ball
2-2: Strikes out swinging
Bottom of the 3rd over - 1 run(s), 3 hit(s), 0 error(s), 3 left on base; Scranton 4 - Royse City 2
TOP OF THE 4TH
Scranton Supernovas batting - Pitching for Royse City Targaryens : LHP Lee Branch
Batting: RHB Thomas Campbell 0-0: Called Strike
0-1: Ball
1-1: Ball
2-1: Ball
3-1: Called Strike
3-2: Ground out 2-3 (Groundball, 2L)
Batting: RHB Jesús Rodríguez 0-0: Foul Ball, location: 2F
0-1: Called Strike
0-2: Ball
1-2: Ground out 6-3 (Groundball, 6)
Batting: RHB Pedro Robles 0-0: Ball
1-0: Called Strike
1-1: Ball
2-1: Fly out, F8 (Flyball, 8LM)
Top of the 4th over - 0 run(s), 0 hit(s), 0 error(s), 0 left on base; Scranton 4 - Royse City 2
BOTTOM OF THE 4TH
Royse City Targaryens batting - Pitching for Scranton Supernovas : LHP Paco López
Batting: RHB Johnny Foster 0-0: Bunt for hit - play at first, batter OUT! 5-3
Batting: LHB Jack Schmitt 0-0: Swinging Strike
0-1: Ball
1-1: Ball
2-1: Swinging Strike
2-2: Foul Ball, location: 2F
2-2: SINGLE (Groundball, 4M) (infield hit)
Batting: LHB Markus Richardson 0-0: Called Strike
0-1: Called Strike
0-2: Strikes out swinging
Batting: RHB Martin Young 0-0: Called Strike
0-1: Foul Ball, location: 2F
0-2: Strikes out swinging
Bottom of the 4th over - 0 run(s), 1 hit(s), 0 error(s), 1 left on base; Scranton 4 - Royse City 2
TOP OF THE 5TH
Scranton Supernovas batting - Pitching for Royse City Targaryens : LHP Lee Branch
Batting: RHB Jesús Orozco 0-0: Bunt missed!
0-1: Called Strike
0-2: Ball
1-2: Ball
2-2: Ball
3-2: Ground out U3 (Groundball, 3)
Batting: RHB Jerome Wilson 0-0: Ball
1-0: Ball
2-0: Ball
3-0: Base on Balls
Batting: LHB Francisco Ortega 0-0: Ball
Jerome Wilson is caught stealing 2nd base
1-0: Ball
2-0: Called Strike
2-1: Foul Ball, location: 2F
2-2: Foul Ball, location: 2F
2-2: SINGLE (Flyball, 8LS)
Pitching: RHP Lorenzo Tamargo
Batting: RHB Joe Smith 0-0: Ball
1-0: Foul Ball, location: 2F
1-1: Ball
2-1: Swinging Strike
2-2: Foul Ball, location: 2F
2-2: Ball
3-2: Strikes out looking
Top of the 5th over - 0 run(s), 1 hit(s), 0 error(s), 1 left on base; Scranton 4 - Royse City 2
BOTTOM OF THE 5TH
Royse City Targaryens batting - Pitching for Scranton Supernovas : LHP Paco López
Batting: RHB Spencer Curry 0-0: Ground out 5-3 (Groundball, 56)
Batting: RHB António Alvarado 0-0: Ball
1-0: Called Strike
1-1: Foul Ball, location: 2F
1-2: Fly out, F9 (Flyball, 9M)
Batting: LHB Morgan Carney 0-0: SINGLE (Groundball, 34)
Batting: RHB Miguel Saldaña 0-0: 2-RUN HOME RUN (Flyball, 7D), Distance : 379 ft
Batting: RHB Will Thomas 0-0: Ball
1-0: SINGLE (Groundball, 56D)
Batting: RHB Johnny Foster 0-0: Called Strike
0-1: Ball
1-1: Called Strike
1-2: Foul Ball, location: 2F
1-2: Ball
2-2: Ball
Will Thomas steals 2nd base
3-2: Fly out, F5 (Line Drive, 5)
Bottom of the 5th over - 2 run(s), 3 hit(s), 0 error(s), 1 left on base; Scranton 4 - Royse City 4
TOP OF THE 6TH
Scranton Supernovas batting - Pitching for Royse City Targaryens : RHP Lorenzo Tamargo
Batting: RHB Ryan Simpson 0-0: Ball
1-0: Ball
2-0: Foul Ball, location: 2F
2-1: Reached on error, E6 (Groundball, 6S)
Batting: RHB Matt Brown 0-0: Ball
1-0: Foul Ball, location: 2F
1-1: Ball
2-1: Ball
3-1: Swinging Strike
3-2: Grounds into double play, 4-6-3 (Groundball, 4)
Batting: RHB Thomas Campbell 0-0: Called Strike
0-1: Called Strike
0-2: Ball
1-2: Strikes out swinging
Top of the 6th over - 0 run(s), 0 hit(s), 1 error(s), 0 left on base; Scranton 4 - Royse City 4
BOTTOM OF THE 6TH
Royse City Targaryens batting - Pitching for Scranton Supernovas : LHP Paco López
Batting: LHB Jack Schmitt 0-0: Called Strike
0-1: Foul Ball, location: 2F
0-2: Strikes out swinging
Batting: LHB Markus Richardson 0-0: Ball
1-0: Foul Ball, location: 2F
1-1: Ball
2-1: Swinging Strike
2-2: Foul Ball, location: 2F
2-2: Foul Ball, location: 2F
2-2: Foul Ball, location: 2F
2-2: Ball
3-2: Ground out 4-3 (Groundball, 4)
Batting: RHB Martin Young 0-0: Swinging Strike
0-1: Foul Ball, location: 2F
0-2: Ball
1-2: Ball
2-2: Fly out, F8 (Flyball, 8RS)
Bottom of the 6th over - 0 run(s), 0 hit(s), 0 error(s), 0 left on base; Scranton 4 - Royse City 4
TOP OF THE 7TH
Scranton Supernovas batting - Pitching for Royse City Targaryens : RHP Lorenzo Tamargo
Pinch Hitting: RHB Lance Davis 0-0: Ball
1-0: Called Strike
1-1: Ground out 5-3 (Groundball, 56)
Pinch Hitting: SHB Neil Nash 0-0: Ball
1-0: Ball
2-0: Called Strike
2-1: SINGLE (Groundball, 4MD)
Batting: RHB Jesús Orozco 0-0: Ball
1-0: Called Strike
1-1: Ball
2-1: Ball
3-1: Called Strike
3-2: Base on Balls
Neil Nash to second
Batting: RHB Jerome Wilson 0-0: Ball
1-0: Ball
2-0: Foul Ball, location: 2F
2-1: Reached on error, E5 (Groundball, 56S)
Neil Nash to third
Jesús Orozco to second
Batting: LHB Francisco Ortega 0-0: Foul Ball, location: 2F
0-1: Called Strike
0-2: Ball
1-2: Ball
2-2: Ball
3-2: Foul Ball, location: 2F
3-2: Ground out 3-1 (Groundball, 34S)
Neil Nash scores
Jesús Orozco to third
Jerome Wilson to second
Pitching: RHP Del Lamb
Batting: RHB Joe Smith 0-0: Foul Ball, location: 2F
0-1: Foul Ball, location: 2F
0-2: Ball
1-2: Ball
2-2: SINGLE (Flyball, 89S)
Jesús Orozco scores
Jerome Wilson to third
Runner from 3rd tries for Home, SAFE, no throw or cutoff
Batting: RHB Ryan Simpson 0-0: Swinging Strike
0-1: Foul Ball, location: 2F
0-2: Ball
1-2: Fly out, F8 (Flyball, 8RM)
Top of the 7th over - 3 run(s), 2 hit(s), 1 error(s), 1 left on base; Scranton 7 - Royse City 4
BOTTOM OF THE 7TH
Royse City Targaryens batting - Pitching for Scranton Supernovas : LHP Paco López
Now at 1B: Lance Davis
Now at SS: Neil Nash
Batting: RHB Spencer Curry 0-0: Ball
1-0: Ball
2-0: Called Strike
2-1: Fly out, F8 (Flyball, 8LM)
Batting: RHB António Alvarado 0-0: Ball
1-0: Ground out 6-3 (Groundball, 6M)
Batting: LHB Morgan Carney 0-0: Called Strike
0-1: Called Strike
0-2: Ball
1-2: SINGLE (Groundball, 6MD)
Pitching: RHP Tony Newell
Batting: RHB Miguel Saldaña 0-0: Called Strike
0-1: Fly out, F4 (Popup, 34D)
Bottom of the 7th over - 0 run(s), 1 hit(s), 0 error(s), 1 left on base; Scranton 7 - Royse City 4
TOP OF THE 8TH
Scranton Supernovas batting - Pitching for Royse City Targaryens : RHP Del Lamb
Batting: RHB Matt Brown 0-0: Ball
1-0: Ball
2-0: Called Strike
2-1: Foul Ball, location: 2F
2-2: Ball
3-2: Fly out, F8 (Flyball, 8LM)
Batting: RHB Thomas Campbell 0-0: Called Strike
0-1: Ball
1-1: Swinging Strike
1-2: Ground out 1-3 (Groundball, 15)
Batting: RHB Lance Davis 0-0: DOUBLE (Line Drive, 7LM)
Batting: SHB Neil Nash 0-0: Called Strike
0-1: Foul Ball, location: 2F
0-2: Ball
1-2: Ball
2-2: SINGLE (Groundball, 5D)
Lance Davis to third
Runner from 3rd tries for Home, SAFE, no throw or cutoff
Batting: RHB Jesús Orozco 0-0: Called Strike
0-1: Fielders Choice at 2nd, U6 (Groundball, 6M)
Top of the 8th over - 1 run(s), 2 hit(s), 0 error(s), 1 left on base; Scranton 8 - Royse City 4
BOTTOM OF THE 8TH
Royse City Targaryens batting - Pitching for Scranton Supernovas : RHP Tony Newell
Batting: RHB Will Thomas 0-0: Foul Ball, location: 2F
0-1: DOUBLE (Flyball, 78XD)
Batting: RHB Johnny Foster 0-0: Called Strike
0-1: Ball
1-1: Foul Ball, location: 2F
1-2: Foul Ball, location: 2F
1-2: Ball
2-2: Ball
3-2: Base on Balls
Pitching: LHP Lee Reynolds
Batting: LHB Jack Schmitt 0-0: Called Strike
0-1: Foul Ball, location: 2F
0-2: Foul Ball, location: 2F
0-2: Foul Ball, location: 2F
0-2: Strikes out looking
Batting: LHB Markus Richardson 0-0: Ball
1-0: Reached on error, E3 (Groundball, 3L)
Will Thomas to third
Johnny Foster to second
Pitching: RHP Bob Meyer
Batting: RHB Martin Young 0-0: Ball
1-0: Ball
2-0: Called Strike
2-1: Grounds into double play, 6-4-3 (Groundball, 6)
Bottom of the 8th over - 0 run(s), 1 hit(s), 1 error(s), 2 left on base; Scranton 8 - Royse City 4
TOP OF THE 9TH
Scranton Supernovas batting - Pitching for Royse City Targaryens : RHP Del Lamb
Batting: RHB Jerome Wilson 0-0: Ground out 6-3 (Groundball, 6)
Pitching: LHP Taylor Minor
Batting: LHB Francisco Ortega 0-0: Called Strike
0-1: Ball
1-1: Ball
2-1: Foul Ball, location: 2F
2-2: Ball
3-2: Base on Balls
Batting: RHB Joe Smith 0-0: Ball
1-0: Ball
2-0: Grounds into double play, 6-4-3 (Groundball, 56)
Top of the 9th over - 0 run(s), 0 hit(s), 0 error(s), 0 left on base; Scranton 8 - Royse City 4
BOTTOM OF THE 9TH
Royse City Targaryens batting - Pitching for Scranton Supernovas : RHP Bob Meyer
Batting: RHB Spencer Curry 0-0: Ball
1-0: Fly out, F8 (Flyball, 8RM)
Batting: RHB António Alvarado 0-0: Called Strike
0-1: Called Strike
0-2: Ball
1-2: Ball
2-2: Foul Ball, location: 2F
2-2: SINGLE (Line Drive, 34)
Batting: LHB Morgan Carney 0-0: Ball
1-0: Foul Ball, location: 2F
1-1: Ball
2-1: Ball
3-1: Base on Balls
António Alvarado to second
Pitching: RHP Carlos Villarreal
Batting: RHB Miguel Saldaña 0-0: DOUBLE (Line Drive, 3L)
António Alvarado scores
Morgan Carney to third
Pinch Hitting: LHB Jim Unknown 0-0: Called Strike
0-1: Swinging Strike
0-2: Foul Ball, location: 2F
0-2: Ball
1-2: Strikes out swinging passed ball, reaches first!
Morgan Carney scores
Miguel Saldaña to third
Batting: RHB Johnny Foster Reached via error on a dropped throw, E3
Miguel Saldaña scores
Jim Unknown to second
Batting: LHB Jack Schmitt 0-0: Ball
1-0: Ball
2-0: Ball
3-0: Base on Balls
Jim Unknown to third
Johnny Foster to second
Pinch Hitting: LHB Geoff Tucker 0-0: Ball
1-0: Foul Ball, location: 2F
1-1: GRAND SLAM HOME RUN (Flyball, 9LD), Distance : 355 ft
This league is powered by Out of the Park Baseball, the baseball management simulation game for PC, Mac and Linux
Saturday, July 25th, 2015 - OOTP Baseball 15.6 Build 34